AoeStats
← AL. EviL DeEdZ

Black Forest

510574008Analyzed
4v4 RM · 2d ago on Oct 1, 2026· 40m 52s· 8 players
Game mode
Random Map
Map size
Large (8 player)
Population
200
Speed
Normal
Resources
Standard
Victory
Conquest
Starting age
Dark Age
Ending age
Imperial Age
RankedLock teamsTeams togetherTeam positionsShared explorationLock speedFull tech treeHidden civsTurbo modeCheats
Victory
Defeat
🇬🇧 Bohemians · United Kingdom
1465
+13
🇮🇳 Britons · India
1436
+14
🇮🇳 Italians · India
1410
+15
🇮🇳 Danes · India
1348
+17
🇨🇭 Bohemians · Switzerland
1408
-16
🇭🇰 Britons · Hong Kong SAR China
1391
-15
🇦🇷 Franks · Argentina
1379
-14
🇨🇭 Vietnamese · Switzerland
1377
-14
302
11:18 Feudal Age
12:51 Double-Bit Axe
12:46 Horse Collar
15:08 Castle Age
16:07 Wheelbarrow
16:31 Bow Saw
23:03 Loom
27:26 Imperial Age
24:50 Gold Mining
24:50 Stone Mining
25:11 Fletching
26:03 Ballistics
25:47 Padded Archer Armor
26:33 Bodkin Arrow
27:33 Hand Cart
27:04 Town Watch
27:36 Leather Archer Armor
29:10 Gold Shaft Mining
29:14 Warwolf
29:13 Elite Longbowman
31:22 Chemistry
32:17 Conscription
32:45 Ring Archer Armor
32:17 Bracer
33:38 Yeomen
36:25 Ring Archer Armor
36:29 Town Patrol
37:30 Two-Man Saw
37:57 Murder Holes
38:08 Siege Engineers
38:20 Man-at-Arms
38:45 Gambesons
39:01 Squires
38:46 Arson
39:02 Scale Mail Armor
39:13 Forging
39:18 Long Swordsman
dr.schniselx
10:42 Feudal Age
15:30 Castle Age
14:04 Double-Bit Axe
14:46 Horse Collar
17:28 Bow Saw
20:15 Redemption
21:01 Sanctity
20:40 Pikeman
27:16 Heavy Plow
optional_cookie
11:09 Feudal Age
12:22 Double-Bit Axe
14:48 Castle Age
13:22 Double-Bit Axe
13:48 Horse Collar
15:59 Bow Saw
19:04 Heavy Plow
20:12 Wheelbarrow
23:01 Hand Cart
23:16 Loom
27:25 Imperial Age
25:19 Fletching
25:30 Padded Archer Armor
26:47 Bodkin Arrow
26:29 Crossbowman
27:14 Thumb Ring
29:16 Forging
30:45 Scale Barding Armor
31:16 Iron Casting
30:23 Elite Battle Elephant
31:15 Bloodlines
31:05 Husbandry
31:56 Chain Barding Armor
33:12 Bloodlines
33:03 Husbandry
34:16 Chemistry
35:14 Plate Barding Armor
35:26 Onager
39:25 Bracer
40:02 Leather Archer Armor
Bear
0:31 Loom
13:41 Feudal Age
17:51 Castle Age
17:03 Double-Bit Axe
23:29 Fortified Wall
26:05 Wheelbarrow
29:05 Bow Saw
34:24 Imperial Age
32:10 Hand Cart
33:39 Scale Barding Armor
33:45 Forging
33:51 Gold Mining
34:43 Chain Barding Armor
34:26 Husbandry
34:48 Cavalier
36:16 Iron Casting
38:38 Paladin
40:36 Blast Furnace
41:23 Plate Barding Armor
Sanskari Ladka
12:34 Feudal Age
13:25 Double-Bit Axe
16:06 Castle Age
15:55 Horse Collar
17:26 Wheelbarrow
16:55 Fletching
21:36 Bodkin Arrow
27:22 Imperial Age
25:00 Loom
26:26 Gold Mining
27:04 Ballistics
29:08 Chemistry
28:15 Padded Archer Armor
29:00 Masonry
33:51 Hand Cart
34:05 Scale Mail Armor
34:15 Forging
35:11 Chain Mail Armor
40:43 Crossbowman
AL. EviL DeEdZ
0:26 Loom
11:21 Feudal Age
16:01 Castle Age
14:01 Double-Bit Axe
15:20 Horse Collar
15:52 Town Watch
22:53 Bow Saw
28:14 Wheelbarrow
27:49 Heavy Plow
32:14 Imperial Age
30:34 Scale Mail Armor
30:44 Forging
30:40 Gold Mining
30:40 Stone Mining
31:40 Hand Cart
31:43 Forging
30:56 Pikeman
31:58 Squires
31:44 Arson
32:38 Halberdier
33:55 Chain Mail Armor
34:15 Iron Casting
35:13 Gold Shaft Mining
34:28 Stone Mining
35:21 Iron Casting
35:22 Plate Mail Armor
37:29 Ballistics
37:35 Gambesons
38:33 Conscription
37:34 Elite Longbowman
38:55 Yeomen
39:38 Blast Furnace
41:36 Chemistry
40:28 Fletching
40:38 Padded Archer Armor
HighEloREdiots
5:15 Loom
12:00 Feudal Age
13:18 Double-Bit Axe
15:57 Castle Age
13:56 Horse Collar
15:54 Wheelbarrow
17:10 Bow Saw
17:08 Heavy Plow
21:39 Squires
21:26 Gambesons
22:15 Scale Mail Armor
22:39 Forging
23:54 Chain Mail Armor
24:21 Iron Casting
31:32 Imperial Age
29:18 Hand Cart
30:40 Stone Mining
30:41 Gold Mining
30:44 Arson
32:02 Gold Shaft Mining
32:02 Stone Shaft Mining
31:35 Elite Varangian Guard
32:53 Chain Mail Armor
34:14 Blast Furnace
33:21 Hamask
34:22 Conscription
34:37 Plate Mail Armor
Frankie Fast Hands
1:54 Loom
12:55 Feudal Age
16:29 Castle Age
14:16 Horse Collar
14:24 Double-Bit Axe
17:32 Bow Saw
18:45 Fervor
22:41 Devotion
31:40 Imperial Age
32:47 Chemistry
32:10 Elite Hussite Wagon
34:01 Bombard Tower
35:29 Fortified Wall
38:57 Two-Man Saw
38:49 Houfnice
41:12 Padded Archer Armor
Connection lost

Rejoining the realm…

Still unreachable

The connection could not be restored.

Session expired

The server has moved on; the page needs a fresh start.